 Dungeon Crawl Stone Soup version 0.29-a0-418-gc0181ea820 (webtiles) character file.

Game seed: 5149271986245759761

13 xian the Shield-Bearer (level 2, 0/20 HPs)
             Began as a Demigod Wanderer on May 18, 2022.
             Slain by a jackal (1 damage)
             ... on level 1 of the Dungeon.
             The game lasted 00:02:28 (823 turns).

xian the Shield-Bearer (Demigod Wanderer)            Turns: 823, Time: 00:02:29

Health: 0/20       AC:  2    Str: 11    XL:     2   Next: 12%
Magic:  7/7        EV: 11    Int: 16    God:
Gold:   60         SH:  7    Dex: 13    Spells: 3/4 levels left

rFire   . . .      SeeInvis .   a - +0 dagger
rCold   . . .      Faith    .   e - +2 buckler
rNeg    . . .      Spirit   .   d - +0 robe
rPois   .          Reflect  .   (no helmet)
rElec   .          Harm     .   (no cloak)
rCorr   .          Rampage  .   (no gloves)
Will    .....                   (no boots)
Stlth   +.........              (no amulet)
HPRegen 0.06/turn               (no ring)
MPRegen 0.10/turn               (no ring)

@: no status effects
A: high MP 1, forlorn, divine attributes
a: no special abilities


You were on level 1 of the Dungeon.
You visited 1 branch of the dungeon, and saw 1 of its levels.

You collected 60 gold pieces.

Inventory:

Hand Weapons
 a - a +0 dagger (weapon)
Missiles
 f - 5 atropa-tipped darts
Armour
 d - a +0 robe (worn)
 e - a +2 buckler (worn)
Wands
 b - a wand of polymorph (5)
Scrolls
 c - a scroll of fog
Potions
 g - a potion of invisibility {unknown}
 h - a potion of haste {unknown}


   Skills:
 + Level 0.1 Short Blades
 + Level 0.4 Dodging
 + Level 0.2 Stealth
 + Level 4.0 Shields
 + Level 1.7 Spellcasting
 + Level 2.7 Translocations
 + Level 1.0 Evocations


You had 3 spell levels left.
You knew the following spells:

 Your Spells              Type           Power      Damage    Failure   Level
a - Apportation           Tloc           20%        N/A       9%          1

Your spell library contained the following spells:

 Spells                   Type           Power      Damage    Failure   Level
 Animate Skeleton         Necr           2%         N/A       26%         1
 Summon Small Mammal      Summ           4%         N/A       26%         1
 Portal Projectile        Hex/Tloc       10%        N/A       43%         3


Dungeon Overview and Level Annotations

Branches:
Dungeon (1/15)


Innate Abilities, Weirdness & Mutations

You have an increased reservoir of magic. (+10% MP)
You shall have no god before yourself.
Your divine heritage dramatically boosts your attributes as you level up.


Message History

The jackal misses you. The jackal barely misses you.
The jackal bites you but does no damage.
The jackal misses you.
You see here a jackal corpse.
You barely miss the jackal. The jackal bites you. x2
You hit the jackal but do no damage. The jackal closely misses you.
The jackal bites you.
You hit the jackal but do no damage. The jackal bites you.
The jackal closely misses you. x2; The jackal bites you.
You barely miss the jackal. The jackal bites you. The jackal misses you.
You completely miss the jackal. The jackal closely misses you.
You block the jackal's attack. The jackal barely misses you.
You block the jackal's attack.
You barely miss the jackal. The jackal bites you.
* * * LOW HITPOINT WARNING * * *
You block the jackal's attack. The jackal barely misses you.
The jackal bites you but does no damage.
The jackal closely misses you. The jackal attacks as you move away!
The jackal bites you.
* * * LOW HITPOINT WARNING * * *
You block the jackal's attack. The jackal barely misses you.
The jackal attacks as you move away!
The jackal bites you but does no damage.
There are monsters nearby!
You barely miss the jackal.
The jackal is severely wounded.
You block the jackal's attack. The jackal barely misses you.
The jackal misses you. You block the jackal's attack.
Unknown command.
You completely miss the jackal.
The jackal is severely wounded.
You block the jackal's attack. The jackal bites you.
* * * LOW HITPOINT WARNING * * *
Unknown command.
You closely miss the jackal.
The jackal is severely wounded.
The jackal bites you.
You die...

#.'.#†'.÷..# #.#
#.#####.##.#####.######
#.......#.............#
##..........####.##.#.#######
########..........#.........
##.#####..###.####### #.#
#.## ##.# #.# ###.###.###.##
#.# #h@..#.......# #.#
#h###.#.#......
#.####h###........##
#.....J......###.##
#.####†####### .# #.# . #.# #
... #.#


You could see an endoplasm and 3 jackals.

Vanquished Creatures
  A dart slug (D:1)
  A bat (D:1)
  An endoplasm (D:1)
  A giant cockroach (D:1)
  A jackal (D:1)
  7 rats (D:1)
12 creatures vanquished.

Notes
Turn   | Place    | Note
-------+----------+-------------------------------------------
     0 | D:1      | xian the Demigod Wanderer began the quest for the Orb.
     0 | D:1      | xian set off with the following items: a +0 dagger, a wand
                  | of polymorph (5), a scroll of fog, a +0 robe, a +2 buckler;
                  | and the following spell memorised: Apportation; and the
                  | following spells available to memorise: Portal Projectile
     0 | D:1      | Reached XP level 1. HP: 14/14 MP: 5/5
   539 | D:1      | Reached skill level 4 in Shields
   698 | D:1      | Reached XP level 2. HP: 20/20 MP: 7/7
   822 | D:1      | HP: 1/20 [jackal (3)]
   823 | D:1      | Slain by a jackal

Illustrated notes

Levels and vault maps discovered:
D:1:      dpeg_arrival_three_bigger_balls, layout_loops_ring,
          shapermc_ecumenical_altar_gd, minmay_rat_gold_closets

Skill      XL: |  1 |
---------------+----+-----
Shields        | 4 |  4.0
Short Blades   | |  0.1
Dodging        | |  0.4
Stealth        | |  0.2
Spellcasting   | |  1.7
Translocations | |  2.7
Evocations     | |  1.0

Action                   || total
-------------------------++-------
Melee: Dagger            ||   104
 Stab: Sleeping          ||     1
Armor: Robe              ||    22
Dodge: Dodged            ||    64
Block: Buckler           ||    46

Table legend: (Time is in decaauts)
 A = Elapsed time spent in this place.
 B = Non-inter-level travel time spent in this place.
 C = Inter-level travel time spent in this place.
 D = Time resting spent in this place.
 E = Time spent auto-exploring this place.
 F = Levels seen in this place.
 G = Mean time per level.
                   A        B        C        D        E       F      G
               +--------+--------+--------+--------+--------+-----+--------+
         Total |    827 |    827 |      0 |      0 |    591 |   1 |  827.0 |
       Dungeon |    827 |    827 |      0 |      0 |    591 |   1 |  827.0 |
               +--------+--------+--------+--------+--------+-----+--------+

Top non-repeatable levels by time:
     D:1: 827 daAuts
